 Dungeon Crawl Stone Soup version 0.25.1-2-g60ff931df9 (webtiles) character file.

Game seed: 13347437305858282023

30 funkygono the Conjurer (level 3, 0/26 HPs)
             Began as a Draconian Conjurer on Oct 12, 2020.
             Slain by Terence
             ... wielding a +0 mace
              (8 damage)
             ... on level 2 of the Dungeon.
             The game lasted 00:02:35 (1570 turns).

funkygono the Conjurer (Draconian Conjurer)         Turns: 1570, Time: 00:02:36

Health: 0/26       AC:  5    Str: 10    XL:     3   Next: 3%
Magic:  1/6        EV: 12    Int: 16    God:
Gold:   97         SH:  0    Dex:  7    Spells: 3/6 levels left

rFire    . . .     SeeInvis .   d - +0 whip
rCold    . . .     Gourm    .   (no shield)
rNeg     . . .     Faith    .   (armour unavailable)
rPois    .         Spirit   .   (helmet restricted)
rElec    .         Reflect  .   (no cloak)
rCorr    .         Harm     .   (no gloves)
MR       .....                  (no boots)
Stlth    ++........             f - amulet of inaccuracy (curse)
HPRegen  0.08/turn              e - -4 ring of dexterity (curse)
MPRegen  0.10/turn              i - ring of stealth

@: no status effects
A: unfitting armour, cold-blooded, AC +5
a: no special abilities


You were on level 2 of the Dungeon.
You were not hungry.

You visited 1 branch of the dungeon, and saw 2 of its levels.

You collected 97 gold pieces.

Inventory:

Hand Weapons
 d - a +0 whip (weapon)
Jewellery
 e - a cursed -4 ring of dexterity (left hand)
 f - a cursed amulet of inaccuracy (around neck)
 i - a ring of stealth (right hand)
Scrolls
 a - 3 scrolls of teleportation
 c - a scroll of amnesia
Potions
 g - a potion of might
 h - a potion of curing {unknown}
 k - a potion of haste {unknown}
Comestibles
 b - 3 rations


   Skills:
 * Level 2.0 Dodging
 - Level 1.7 Stealth
 * Level 2.1 Spellcasting
 * Level 4.8 Conjurations


You had 3 spell levels left.
You knew the following spells:

 Your Spells              Type           Power        Failure   Level  Hunger
a - Magic Dart            Conj           ###.         2%          1    #......
b - Searing Ray           Conj           ###...       4%          2    ###....

Your spell library contained the following spells:

 Spells                   Type           Power        Failure   Level  Hunger
 Dazzling Flash           Conj/Hex       #.....       22%         3    ###....
 Fulminant Prism          Conj/Hex       #.........   58%         4    #####..
 Iskenderun's Mystic Bla  Conj/Tloc      #.......     58%         4    #####..


Dungeon Overview and Level Annotations

Branches:
Dungeon (2/15)

Altars:

Annotations:
D:2 Terence


Innate Abilities, Weirdness & Mutations

Your plain brown scales are hard. (AC +5)
You cannot fit into any form of body armour.
You are cold-blooded and may be slowed by cold attacks.


Message History

Terence closely misses you.
You miss Terence.
Terence is severely wounded.
Terence closely misses you.
You closely miss Terence.
Your tail-slap misses Terence.
Terence is severely wounded.
Terence closely misses you.
You closely miss Terence.
Terence is severely wounded.
Terence hits you with a +0 mace.
You barely miss Terence.
Terence is severely wounded.
Terence closely misses you.
You hit Terence.
Terence is severely wounded.
Terence hits you but does no damage.
You hit Terence but do no damage.
Terence is severely wounded.
Terence hits you with a +0 mace!
You die...

. ##### ..
#<รท.# <..
###.# ....
##..## .....
#....#
......##@###
....).w@.#
.......###
...$#.. ^..
### .


You could see Terence and a dart slug.

Vanquished Creatures
  A dart slug (D:1)
  4 leopard geckos (D:1)
  2 bats (D:1)
  2 goblins
  5 hobgoblins (D:1)
  2 jackals (D:1)
  3 kobolds (D:1)
  3 rats
22 creatures vanquished.

Notes
Turn   | Place    | Note
-------+----------+-------------------------------------------
     0 | D:1      | funkygono the Draconian Conjurer began the quest for the
                  | Orb.
     0 | D:1      | Reached XP level 1. HP: 14/14 MP: 3/3
   341 | D:1      | Reached XP level 2. HP: 20/20 MP: 1/5
   606 | D:1      | Learned a level 2 spell: Searing Ray
  1352 | D:1      | Reached XP level 3. HP: 26/26 MP: 2/6
  1541 | D:2      | Noticed Terence
  1570 | D:2      | Slain by Terence

Illustrated notes

Levels and vault maps discovered:
D:1:      wander_arrival_fairy_ring, layout_basic
D:2:      layout_basic, minmay_strange_pillars, tgw_xom, uniq_natasha,
          uniq_crazy_yiuf_cottage, uniq_robin, uniq_terence

Skill      XL: |  1  2 |
---------------+-------+-----
Dodging        | 2 |  2.0
Stealth        | |  1.7
Spellcasting   | |  2.1
Conjurations   | |  4.8

Action                   || total
-------------------------++-------
Melee: Whip              ||    36
 Cast: Magic Dart        ||    35
       Searing Ray       ||     7
  Use: Scroll            ||     3
  Eat: Chunk             ||     3
Armor: Skin              ||     8
Dodge: Dodged            ||    23
